 Dungeon Crawl Stone Soup version 0.30.0-29-ga12c61a403 (webtiles) character file.

Game seed: 10125338527624600301

11 H0rd4k the Charlatan (level 2, 0/21 HPs)
             Began as a Human Artificer on June 23, 2023.
             Slain by a goblin
             ... wielding a +0 club
              (4 damage)
             ... on level 1 of the Dungeon.
             The game lasted 00:00:37 (212 turns).

H0rd4k the Charlatan (Human Artificer)               Turns: 212, Time: 00:00:38

Health: 0/21       AC:  3    Str: 12    XL:     2   Next: 40%
Magic:  2/2        EV: 11    Int: 11    God:
Gold:   0          SH:  0    Dex: 13    Spells: 1/1 levels left

rFire   . . .        a - +0 club
rCold   . . .        (no shield)
rNeg    . . .        b - +0 leather armour
rPois   .            (no helmet)
rElec   .            (no cloak)
rCorr   .            (no gloves)
SInv    .            (no boots)
Will    .....        (no amulet)
Stlth   +            (no ring)
HPRegen 0.23/turn    (no ring)
MPRegen 0.08/turn

%: no passive effects
@: no status effects
A: no striking features
a: no special abilities


You were on level 1 of the Dungeon.
You visited 1 branch of the dungeon, and saw 1 of its levels.

Inventory:

Hand Weapons
 a - a +0 club (weapon)
Armour
 b - a +0 leather armour (worn)
Wands
 c - a wand of flame (11) (quivered)
 d - a wand of charming (11)
 e - a wand of iceblast (5)
Potions
 f - a potion of heal wounds {unknown}


   Skills:
 + Level 1.0 Fighting
 + Level 0.4 Maces & Flails
 - Level 2.0 Armour
 + Level 1.0 Dodging
 + Level 1.2 Stealth
 + Level 3.5 Evocations


You had one spell level left.
You didn't know any spells.
Your spell library was empty.

Dungeon Overview and Level Annotations

Branches:
Dungeon (1/15)

Altars:


Message History

You hit the goblin but do no damage. The goblin hits you with a +0 club.
You hit the goblin but do no damage. The goblin barely misses you.
The goblin throws a stone.
The stone hits you but does no damage.
You barely miss the goblin. The goblin hits you but does no damage.
The goblin closely misses you. x2
You barely miss the goblin. The goblin hits you with a +0 mace!
The goblin hits you with a +0 club.
You hit the goblin but do no damage. The goblin barely misses you.
The goblin hits you with a +0 mace. The goblin attacks as you move away!
The goblin hits you with a +0 club.
* * * LOW HITPOINT WARNING * * *
You hit the goblin but do no damage. The goblin misses you.
The goblin hits you with a +0 mace.
* * * LOW HITPOINT WARNING * * *
You hit the goblin but do no damage. The goblin hits you but does no damage.
Aiming: Throw Flame
Press: ? - help, Shift-Dir - straight line, f - goblin
Aim: a goblin, wielding a +0 mace and wearing a +0 leather armour (64% to hit)
The puff of flame hits the goblin.
The goblin is almost dead.
The goblin hits you but does no damage.
Unknown command.
Aiming: Throw Flame
Press: ? - help, Shift-Dir - straight line, f/p - goblin
Aim: a goblin, wielding a +0 mace and wearing a +0 leather armour (almost dead, 64% to hit)
The puff of flame hits the goblin!
You kill the goblin!
Unknown command.
Aiming: Throw Flame
Press: ? - help, Shift-Dir - straight line, f - goblin
Aim: a goblin, wielding a +0 club, wearing a +3 ring mail and quivering stones (68% to hit)
The puff of flame misses the goblin.
The goblin misses you.
Unknown command.
Aiming: Throw Flame
Press: ? - help, Shift-Dir - straight line, f/p - goblin
Aim: a goblin, wielding a +0 club, wearing a +3 ring mail and quivering stones (68% to hit)
The puff of flame hits the goblin.
The goblin is heavily wounded.
The goblin hits you with a +0 club.
You die...

##...~...##
#..~~~~~..#
#.~~~○~~~.#
..~~~..##.#
############
#.#
#..........#
#.#
#.###.####.#
#.# #g# #.#
#.# ##.# #@#
#.# #)###..#
#.# #.#
#......##
#.# #.#
####.....
#.# #.#
#...## ..!
..# ##.##
..# #.# #..#
#†# #..# ##
#.# #... ..
#g#


You could see a goblin.

Vanquished Creatures
  An endoplasm (D:1)
  A giant cockroach (D:1)
  2 hobgoblins (D:1)
  2 goblins (D:1)
  A kobold (D:1)
  A rat (D:1)
8 creatures vanquished.

Vanquished Creatures (collateral kills)
  An endoplasm (D:1)
  A hobgoblin (D:1)
2 creatures vanquished.

Vanquished Creatures (others)
  A gnoll (D:1)
1 creature vanquished.

Grand Total: 11 creatures vanquished

Notes
Turn   | Place    | Note
-------+----------+-------------------------------------------
     0 | D:1      | H0rd4k the Human Artificer began the quest for the Orb.
     0 | D:1      | Reached XP level 1. HP: 15/15 MP: 1/1
   148 | D:1      | Reached XP level 2. HP: 11/21 MP: 2/2
   212 | D:1      | Slain by a goblin

Illustrated notes

Levels and vault maps discovered:
D:1:      shiori_arrival_elements, layout_loops_ring, minmay_hexomino_c4

Action                     || total
---------------------------++-------
  Melee: Club              ||    49
  Evoke: Wand              ||     8
 Armour: Leather armour    ||    17
  Dodge: Dodged            ||    39
